 Dungeon Crawl Stone Soup version 0.31.0-9-g3a7656b989 (webtiles) character file.

Game seed: 7351754390301301368

176 Colgate the Shield-Bearer (level 5, 47/47 HPs)
             Began as a Minotaur Fighter on Jan 24, 2024.
             Quit the game on level 3 of the Dungeon.
             The game lasted 00:01:25 (2522 turns).

Colgate the Shield-Bearer (Minotaur Fighter)        Turns: 2522, Time: 00:01:26

Health: 47/47      AC:  7    Str: 29    XL:     5   Next: 30%
Magic:  4/4        EV: 10    Int:  5    God:
Gold:   94         SH:  4    Dex:  9    Spells: 4/4 levels left

rFire   . . .        a - +0 war axe
rCold   . . .        c - +0 buckler
rNeg    . . .        b - +0 scale mail
rPois   .            (helmet restricted)
rElec   .            (no cloak)
rCorr   .            (no gloves)
SInv    .            (no boots)
Will    .....        (no amulet) Stlth
                     f - +6 ring of strength
HPRegen 0.27/turn    (no ring)
MPRegen 0.09/turn

%: no passive effects
@: no status effects
A: horns 2, retaliatory headbutt
a: no special abilities


You were on level 3 of the Dungeon.
You visited 1 branch of the dungeon, and saw 3 of its levels.

You collected 94 gold pieces.

Inventory:

Hand Weapons
 a - a +0 war axe (weapon)
Armour
 b - a +0 scale mail (worn)
 c - a +0 buckler (worn)
Jewellery
 f - a +6 ring of strength (left hand)
 k - an amulet of regeneration
 q - a +5 ring of evasion
Wands
 o - a wand of flame (11)
 r - a wand of mindburst (16)
Scrolls
 e - a scroll of revelation {unknown}
 j - 2 scrolls of immolation {unknown}
 m - a scroll of blinking {unknown}
 n - 2 scrolls of identify {unknown}
 p - a scroll of amnesia {unknown}
 s - a scroll of vulnerability {unknown}
Potions
 d - 2 potions of might {@q3}
 g - 2 potions of attraction {unknown}
 h - 2 potions of brilliance {unknown}
 i - a potion of magic {unknown}
 l - a potion of heal wounds {unknown}


   Skills:
 + Level 4.8 Fighting
 + Level 3.8 Axes
 + Level 4.8 Armour
 + Level 4.8 Shields


You had 4 spell levels left.
You didn't know any spells.
Your spell library contained the following spells:

 Spells                   Type           Power      Damage    Failure   Level
 Cigotuvi's Dreadful Rot  Necr/Alch/Air  0%         N/A       88%         2
 Ignite Poison            Fire/Alch      0%         N/A       100%        4
 Freezing Cloud           Conj/Ice/Air   0%         6-21      100%        5


Dungeon Overview and Level Annotations

Branches:
Dungeon (3/15)

Altars:
Cheibriados
Wu Jian

Shops:
D:1 *


Innate Abilities, Weirdness & Mutations

You have a pair of horns on your head.
You reflexively headbutt those who attack you in melee.


Message History

Partly explored, unopened door.
No target in view!
Partly explored, unopened door.
You open the door.
No target in view!
There is an open door here.
s - a scroll labelled REEVER WOHYI No target in view!
Done exploring.
No target in view!
Done exploring.
No target in view!
Done exploring.
No target in view!
Done exploring.
No target in view!
Done exploring.
No target in view!
Done exploring.
No target in view!
Done exploring.
No target in view!
Done exploring.
No target in view!
Done exploring.
No target in view!
Done exploring.
No target in view!
Done exploring.
No target in view!
Done exploring.
No target in view!
Done exploring.
No target in view!
Done exploring.
No target in view!
Done exploring.
Search for what [Enter for "d:2", or ? for help]? d:3 Search for what [Enter for "d:3", or ? for help]? altar Unknown command.

#.#####.......#..... #.#
#.......#..... #.#
#.......#..... #.#
#...รท...###+#. #.#
#.......+..... #.#
#.....######'# #.#
#.....#...#...
#.#####.....#8......
#.#@..#.....#...#.8.
######.#.#.#.....##.#####
#......#.#+#######...#...
###.####.....# #.8..._.
#.#..#.....# #...#...
#.#........# ########
#.##.......#
#.#....#+#####
#.#####......#


There were no monsters in sight!

Vanquished Creatures
  A black bear (D:3)
  A bombardier beetle (D:3)
  An adder (D:2)
  A ribbon worm (D:2)
  A dart slug (D:3)
  5 ball pythons
  4 endoplasms
  3 giant cockroaches
  2 goblins (D:1)
  5 hobgoblins
  2 jackals (D:1)
  4 kobolds
  3 quokkas (D:1)
  7 bats
  A frilled lizard (D:2)
  4 rats
45 creatures vanquished.

Notes
Turn   | Place    | Note
-------+----------+-------------------------------------------
     0 | D:1      | Colgate the Minotaur Fighter began the quest for the Orb.
     0 | D:1      | Reached XP level 1. HP: 19/19 MP: 0/0
   195 | D:1      | Reached XP level 2. HP: 23/26 MP: 1/1
   435 | D:1      | Found Onashrism's General Store.
   781 | D:2      | Reached XP level 3. HP: 33/33 MP: 2/2
  1668 | D:3      | Noticed a black bear
  1673 | D:3      | Killed a black bear
  1674 | D:3      | Reached XP level 4. HP: 39/41 MP: 3/3
  1674 | D:3      | Reached XP level 5. HP: 45/47 MP: 4/4
  2379 | D:3      | Found a snail-covered altar of Cheibriados.
  2456 | D:3      | Found an ornate altar of the Wu Jian Council.
  2522 | D:3      | Quit the game

Illustrated notes

Levels and vault maps discovered:
D:1:      reono_arrival_forest_river, layout_basic, serial_shops,
          nicolae_diamond_shop, kennysheep_crisscross
D:2:      layout_basic, nicolae_elevator_lobby_plus
D:3:      layout_basic, slow_altar_2, nicolae_wu_jian_immortal_techniques

Skill      XL: |  1  2 |
---------------+-------+-----
Shields        | 4 |  4.8
Armour         | 4 |  4.8
Fighting       | 4 |  4.8
Axes           | 3 |  3.8

Action                     |  1- 3 |  4- 6 || total
---------------------------+-------+-------++-------
  Melee: War axe           |    72 |    11 ||    83
         Headbutt          |    15 |     2 ||    17
 Armour: Scale mail        |    64 |     7 ||    71
  Dodge: Dodged            |    46 |     4 ||    50
  Block: Buckler           |    20 |     2 ||    22
